Map: Golden Wall LE

Players

smallboom

  • Race: Protoss Protoss
  • League: Diamond
  • Spawn Location: 7:00

RyuKey - Winner!

  • Race: Zerg Zerg
  • League: Diamond
  • Spawn Location: 5:00

VOD

Have the link to the VOD?

Description

Time

  • Played on: June 13, 2020, 1:54 p.m.
  • Length: 8:59
Show
View Real Time Build Order
Export as new Build Order

smallboom Protoss 

Build Orders: 1 Gate Expand, Zealot Archon 

Get SALT Encoding   

  12  0:01  Probe  
  13  0:13  Probe  
  14  0:18  Pylon  
  14  0:25  Probe  
  15  0:36  Probe  
  15  0:40  Gateway  
  16  0:44  Probe  
  16  0:47  Assimilator  
  17  0:52  Probe  
  18  1:03  Probe  
  19  1:22  Probe  
  20  1:30  Nexus  
  20  1:43  Cybernetics Core  
  20  1:49  Probe  
  20  1:51  Pylon  
  21  1:55  Assimilator  
  21  2:04  Probe  
  22  2:10  Warp Gate  
  22  2:20  Stalker  
  24  2:26  Robotics Facility  
  24  2:32  Pylon  
  24  2:37  Shield Battery  
  24  2:38  Probe  
  24  2:41  Probe  
  26  2:47  Probe  
  27  2:53  Probe  
  27  2:55  Adept  
  30  3:02  Probe  
  30  3:05  Probe  
  32  3:11  Probe  
  32  3:17  Probe  
  32  3:19  Probe  
  33  3:25  Assimilator, Sentry  
  36  3:29  Probe x2  
  36  3:30  Assimilator  
  38  3:41  Probe  
  38  3:43  Probe  
  40  3:53  Probe  
  41  3:56  Observer  
  41  3:58  Probe  
  41  3:59  Twilight Council  
  41  4:02  Forge  
  43  4:06  Probe x2  
  43  4:09  Stalker  
  46  4:16  Probe  
  47  4:18  Probe  
  47  4:22  Gateway  
  49  4:26  Gateway  
  49  4:28  Probe  
  49  4:30  Probe  
  51  4:46  Protoss Ground Weapons Level 1  
  51  4:50  Probe x2  
  53  5:02  Probe  
  54  5:17  Charge  
  54  5:20  Pylon  
  54  5:23  Pylon  
  54  5:27  Pylon  
  54  5:30  Pylon  
  54  5:37  Pylon  
  54  5:38  Probe, Immortal  
  54  5:42  Gateway  
  59  5:45  Probe, Gateway  
  60  5:50  Probe  
  60  5:51  Templar Archives  
  60  5:54  Gateway x2  
  60  5:56  Gateway  
  61  5:57  Probe  
  62  6:15  Immortal  
  66  6:20  Stalker  
  66  6:21  Stalker x2  
  72  6:44  Gateway  
  72  6:45  Gateway  
  72  6:46  Gateway, Warp Prism  
  72  6:48  Gateway  
  72  6:50  Gateway  
  72  6:52  High Templar  
  72  6:53  High Templar  
  72  6:54  High Templar x2  
  78  6:55  High Templar x2  
  78  6:57  Stalker x2  
  78  6:58  Archon  
  78  6:59  Archon x2  
  90  7:29  Stalker x2, Observer  
  94  7:34  Pylon  
  94  7:35  Pylon  
  94  7:37  Pylon  
  94  7:38  Pylon  
  94  7:40  Pylon  
  94  7:56  Zealot x6  
  94  7:57  Zealot x7  
  106  8:20  Zealot x5  
  106  8:21  Zealot x2  
  106  8:23  High Templar x3  
  76  8:34  Archon  
  76  8:36  High Templar x3  
  72  8:41  Archon  
  72  8:42  Stalker  
  72  8:43  High Templar  
Show
View Real Time Build Order
Export as new Build Order

RyuKey Zerg - Winner!

Build Orders: Hatch First 

Get SALT Encoding   

  12  0:01  Drone  
  13  0:12  Overlord  
  13  0:17  Drone  
  14  0:30  Drone x2  
  16  0:51  Hatchery  
  16  0:53  Drone  
  16  1:00  Drone  
  17  1:07  Extractor  
  16  1:14  Spawning Pool  
  16  1:16  Drone  
  16  1:20  Drone  
  17  1:28  Drone  
  18  1:39  Drone  
  19  1:50  Overlord  
  19  2:02  Zergling x2  
  19  2:03  Queen x2  
  19  2:06  Zergling x2  
  25  2:14  Drone x2  
  27  2:19  Metabolic Boost  
  27  2:28  Drone x2  
  29  2:39  Queen x2  
  29  2:43  Drone  
  34  2:46  Drone  
  34  2:48  Drone  
  36  2:53  Overlord  
  36  2:59  Overlord  
  36  3:14  Drone x6  
  42  3:24  Lair  
  42  3:26  Drone x2  
  44  3:45  Drone x3  
  47  3:51  Hatchery  
  46  4:07  Roach Warren  
  46  4:08  Drone x2, Extractor  
  46  4:12  Extractor  
  46  4:14  Extractor  
  44  4:20  Drone x8  
  52  4:24  Overlord x3  
  52  4:36  Evolution Chamber  
  51  4:43  Drone  
  51  4:44  Drone x4  
  56  4:58  Overlord  
  56  4:59  Overlord  
  56  5:04  Glial Reconstitution  
  56  5:23  Zerg Missile Weapons Level 1  
  56  5:25  Drone x3  
  56  5:27  Drone x2  
  61  5:30  Drone x7  
  68  5:39  Roach x5  
  78  5:59  Roach x6  
  78  6:04  Hydralisk Den, Overlord x3  
  89  6:17  Pneumatized Carapace  
  89  6:24  Roach x12  
  113  6:44  Overlord x4  
  113  6:45  Overlord x2  
  113  6:46  Hatchery  
  112  6:48  Grooved Spines  
  112  6:56  Evolution Chamber  
  112  7:00  Burrow  
  109  7:04  Hydralisk  
  109  7:05  Hydralisk x8  
  127  7:10  Lurker Den  
  127  7:15  Extractor x2  
  124  7:29  Zergling x14  
  134  7:30  Zergling x6  
  134  7:48  Hydralisk x5  
  144  7:57  Drone  
  144  7:58  Drone x2  
  137  8:21  Hydralisk  
  137  8:22  Hydralisk x6  
Tags
 
Add a new tag
Caveats
  • Supply blocks, unpowered buildings, or Contaminate may cause inaccurate times.
  • Supply counts are checked every 10 seconds.